Panthers vs Penguins (R1)

Created - May 14, 2017 at 21:31

Goals
1 2 3 T
Panthers 1 3 1 5
Penguins 1 2 0 3
Shots
1 2 3 T
Panthers 5 20 6 31
Penguins 8 18 8 34

1st period

1. Penguins , Bobby Ryan 40 (Steven Stamkos 72) at 12:00 (PP)
2. Panthers , Jeff Tambellini 21 (Matthew Spiller 20, Peter Prucha 30) at 16:16

Penalties :
Guillaume Latendresse (Flo) for Tripping (Minor) at 11:44, Sean Zimmerman (Pit) for Interference (Minor) at 14:05, Steve Montador (Flo) for Hooking (Minor) at 16:54

2nd period

3. Penguins , Dion Phaneuf 20 (Steven Stamkos 73, Brian Elliott) at 3:31 (PP)
4. Panthers , Sidney Crosby 35 (Guillaume Latendresse 35) at 4:05 (PP)
5. Panthers , Sidney Crosby 36 (Guillaume Latendresse 36) at 9:01 (PP)
6. Penguins , Nathan Horton 28 (Sam Gagner 35) at 14:29
7. Panthers , Shawn Horcoff 10 (Pasi Salonen 2) at 15:24

Penalties :
Peter Prucha (Flo) for Roughing (Minor) at 2:48, Steven Stamkos (Pit) for Slashing (Minor) at 3:52, Keith Aulie (Flo) for Hooking (Minor) at 5:16, Duncan Keith (Pit) for Diving (Minor) at 8:42, Nathan Horton (Pit) for Hooking (Minor) at 9:16, Andrew Cogliano (Pit) for High sticking (Minor) at 18:28

3rd period

8. Panthers , Sidney Crosby 37 (Loui Eriksson 23) at 17:11

Penalties :
Loui Eriksson (Flo) for Hooking (Minor) at 1:15, Alexander Perezhogin (Flo) for Hooking (Minor) at 4:40, Steve Montador (Flo) for Hooking (Minor) at 6:28, Marian Hossa (Flo) for Goalie Interference (Minor) at 18:37

Goalie Stats

Antti Niemi (Flo), 31 saves from 34 shots - (0.912), W, 32-19-6, 60:00 minutes
Brian Elliott (Pit), 26 saves from 31 shots - (0.839), L, 44-16-4, 60:00 minutes

Players Stats for Panthers

Player Name              G  A  P  +/- PIM S  H  SB GA TA FO     MP     PP MP  PK MP  
------------------------------------------------------------------------------------
Alexander Perezhogin     0  0  0   1  2   0  2  0  0  0  0/0     6:21   0:00   0:11 
Andrew Ebbett            0  0  0   1  0   2  1  0  0  0  3/6     9:26   0:00   0:00 
Brad Stuart              0  0  0   0  0   0  0  0  0  2  0/0    11:30   0:00   2:07 
Brendan Smith            0  0  0   0  0   0  4  0  0  1  0/0    27:43   3:52   5:31 
Guillaume Latendresse    0  2  2   1  2   3  0  0  1  0  0/1    23:52   3:55   6:42 
Jeff Tambellini          1  0  1   1  0   2  2  0  1  0  0/0    10:54   0:00   1:28 
Keith Aulie              0  0  0   2  2   1  1  2  0  0  0/0    20:29   2:37   3:56 
Loui Eriksson            0  1  1   1  2   3  1  0  1  0  1/1    17:45   3:55   0:00 
Marian Hossa             0  0  0  -1  2   4  0  0  0  0  0/0    14:25   2:34   0:00 
Matthew Spiller          0  1  1   2  0   0  0  0  0  0  0/0    23:28   2:37   7:11 
Nick Schultz             0  0  0   0  0   2  0  0  0  0  0/0     9:32   0:00   0:20 
Pasi Salonen             0  1  1   1  0   1  2  2  0  1  0/0     6:11   0:00   0:00 
Peter Prucha             0  1  1   1  2   2  1  0  0  0  0/0     9:25   0:00   0:00 
Scott Gomez              0  0  0  -1  0   2  1  1  0  0  5/14   18:46   2:34   3:39 
Sergei Samsonov          0  0  0  -1  0   1  3  2  0  0  0/0    18:24   2:34   3:17 
Shawn Horcoff            1  0  1   1  0   1  0  0  1  0  1/3     7:55   0:00   1:44 
Sidney Crosby            3  0  3   1  0   5  1  0  0  1  26/45  24:09   3:55   6:58 
Steve Montador           0  0  0   0  4   2  2  2  0  0  0/0    27:21   3:52   5:04 

Players Stats for Penguins

Player Name              G  A  P  +/- PIM S  H  SB GA TA FO     MP     PP MP  PK MP  
------------------------------------------------------------------------------------
Andrew Cogliano          0  0  0   0  2   2  2  0  0  0  1/1    17:18   5:12   1:14 
Bobby Ryan               1  0  1   0  0   6  5  0  0  1  2/2    22:04   6:26   1:19 
Brayden Schenn           0  0  0  -2  0   1  0  0  0  0  2/8    11:21   0:26   3:40 
Brian McGrattan          0  0  0  -1  0   0  0  0  2  0  0/0     9:45   0:27   0:00 
Cory Sarich              0  0  0  -1  0   0  0  0  0  0  0/0    12:17   0:00   0:58 
Derek Joslin             0  0  0  -1  0   0  0  1  1  1  0/0    11:35   0:00   0:16 
Dion Phaneuf             1  0  1  -1  0   4  3  2  0  0  0/0    28:08   7:54   4:04 
Duncan Keith             0  0  0   0  2   0  0  1  0  0  0/0    20:16   4:11   2:09 
Josef Vasicek            0  0  0  -1  0   4  1  0  0  1  3/7    10:19   0:00   1:19 
Luke Schenn              0  0  0   0  0   1  0  1  0  1  0/0    20:43   4:11   2:35 
Max Pacioretty           0  0  0   0  0   4  1  0  0  0  1/1    21:26   6:26   0:36 
Nathan Horton            1  0  1   1  2   5  0  1  0  0  0/1    18:36   5:12   2:39 
Nikita Alexeev           0  0  0  -1  0   1  0  0  1  0  0/0     6:51   0:00   0:00 
Sam Gagner               0  1  1   1  0   2  3  0  0  0  7/15   16:38   5:12   0:46 
Sean Zimmerman           0  0  0  -2  2   1  1  2  0  0  0/0    27:11   7:54   2:56 
Simon Gagné              0  0  0  -1  0   1  2  0  0  0  0/1    11:16   0:27   1:25 
Steve Sullivan           0  0  0  -1  0   0  0  0  1  0  0/0     6:51   0:00   0:00 
Steven Stamkos           0  2  2   0  2   2  1  1  0  0  18/34  20:51   6:27   0:00 

3 Stars

1 - Sidney Crosby (Flo)
2 - Bobby Ryan (Pit)
3 - Jeff Tambellini (Flo)

Power Play

Panthers - 2 on 5 Attempt(s) - 40.00%
Penguins - 2 on 8 Attempt(s) - 25.00%

Penalty Kill

Panthers - 6 on 8 Attempt(s) - 75.00% - Score 0 goal in Penalty Kill
Penguins - 3 on 5 Attempt(s) - 60.00% - Score 0 goal in Penalty Kill

Team Stat

Panthers - Hits : 21 - Faceoff Wins : 36 - Blocked Shots : 9 - Penalty Minutes : 16
Penguins - Hits : 19 - Faceoff Wins : 34 - Blocked Shots : 9 - Penalty Minutes : 10

Official

Referees : Morton Dean and Banfield David
Linesman : Vaughan Rody and Michel Cormier

Game Notes

Sidney Crosby has scored a Hat Trick!

Finance

Level 1 -- Attendance: 6000 (100.00%) -- Ticket Income $462,000
Level 2 -- Attendance: 5000 (100.00%) -- Ticket Income $225,000
Level 3 -- Attendance: 2000 (100.00%) -- Ticket Income $56,000
Level 4 -- Attendance: 3921 (98.03%) -- Ticket Income $78,420
Luxury Box -- Attendance: 1000 (100.00%) -- Ticket Income $160,000
Game was played at the Igloo.
Total Attendance: 17921 (99.56%)
Total Ticket Income: $981,420
Other Income: $147,213
Total Income: $1,128,633

Panthers

5 vs 5 Forward 
   Center                   Left Wing                Right Wing               Time % Phy DF OF 
 1 Sidney Crosby            Guillaume Latendresse    Loui Eriksson            40     0   2  3  
 2 Scott Gomez              Sergei Samsonov          Marian Hossa             30     0   2  3  
 3 Andrew Ebbett            Jeff Tambellini          Peter Prucha             20     1   2  2  
 4 Shawn Horcoff            Pasi Salonen             Alexander Perezhogin     10     1   2  2  

5 vs 5 Defense 
   Defense                  Defense                                           Time % Phy DF OF 
 1 Steve Montador           Brendan Smith                                     40     0   2  3  
 2 Matthew Spiller          Keith Aulie                                       30     0   2  3  
 3 Brad Stuart              Nick Schultz                                      20     1   2  2  
 4 Steve Montador           Brendan Smith                                     10     0   2  3  

PowerPlay Forward 
   Center                   Left Wing                Right Wing               Time % Phy DF OF 
 1 Sidney Crosby            Guillaume Latendresse    Loui Eriksson            60     1   0  4  
 2 Scott Gomez              Sergei Samsonov          Marian Hossa             40     1   0  4  

PowerPlay Defense
   Defense                  Defense                                           Time % Phy DF OF 
 1 Steve Montador           Brendan Smith                                     60     1   1  3  
 2 Matthew Spiller          Keith Aulie                                       40     1   1  3  

Penalty Kill 4 Players Forward 
   Center                   Wing                     Time % Phy DF OF 
 1 Sidney Crosby            Guillaume Latendresse    60     1   3  1  
 2 Scott Gomez              Sergei Samsonov          40     1   3  1  

Penalty Kill 4 Players Defense
   Defense                  Defense                  Time % Phy DF OF 
 1 Steve Montador           Matthew Spiller          60     1   4  0  
 2 Brendan Smith            Keith Aulie              40     1   3  1  

Penalty Kill - 3 Players Forward 
   Forward                                           Time % Phy DF OF 
 1 Scott Gomez                                       60     1   3  1  
 2 Sidney Crosby                                     40     1   3  1  

Penalty Kill - 3 Players Defense
   Defense                  Defense                  Time % Phy DF OF 
 1 Steve Montador           Matthew Spiller          60     1   3  1  
 2 Brendan Smith            Keith Aulie              40     1   3  1  

4 vs 4 Forward 
   Center                   Wing                     Time % Phy DF OF 
 1 Sidney Crosby            Marian Hossa             60     0   2  3  
 2 Scott Gomez              Guillaume Latendresse    40     0   2  3  

4 vs 4 Defense
   Defense                  Defense                  Time % Phy DF OF 
 1 Steve Montador           Brendan Smith            60     0   2  3  
 2 Matthew Spiller          Keith Aulie              40     1   2  2  

Last Minutes Offensive
   Center                   Left Wing                Right Wing               Defense                  Defense                  
   Sidney Crosby            Guillaume Latendresse    Loui Eriksson            Steve Montador           Brendan Smith            

Last Minutes Defensive
   Center                   Left Wing                Right Wing               Defense                  Defense                  
   Scott Gomez              Guillaume Latendresse    Loui Eriksson            Matthew Spiller          Brendan Smith            

Goaltenders
Starting : Antti Niemi              
Backup : Keith Kinkaid            

Extra Forwards
Normal : Marian Hossa, Loui Eriksson, Guillaume Latendresse - PP : Scott Gomez, Sidney Crosby - PK : Shawn Horcoff
Extra Defensemen
Normal : Brad Stuart, Brendan Smith, Steve Montador - PP : Keith Aulie - PK : Brendan Smith, Steve Montador
Penalty Shots
Sidney Crosby, Sergei Samsonov, Peter Prucha, Marian Hossa, Guillaume Latendresse

Scratches
Andy McDonald (Sprained Left Knee Injury)

Penguins

5 vs 5 Forward 
   Center                   Left Wing                Right Wing               Time % Phy DF OF 
 1 Steven Stamkos           Max Pacioretty           Bobby Ryan               40     0   2  3  
 2 Sam Gagner               Andrew Cogliano          Nathan Horton            30     0   2  3  
 3 Josef Vasicek            Simon Gagné              Brian McGrattan          20     0   2  3  
 4 Brayden Schenn           Steve Sullivan           Nikita Alexeev           10     0   2  3  

5 vs 5 Defense 
   Defense                  Defense                                           Time % Phy DF OF 
 1 Sean Zimmerman           Dion Phaneuf                                      45     1   2  2  
 2 Duncan Keith             Luke Schenn                                       33     1   2  2  
 3 Cory Sarich              Derek Joslin                                      22     1   2  2  
 4 Luke Schenn              Duncan Keith                                      0      1   2  2  

PowerPlay Forward 
   Center                   Left Wing                Right Wing               Time % Phy DF OF 
 1 Steven Stamkos           Max Pacioretty           Bobby Ryan               60     0   1  4  
 2 Sam Gagner               Andrew Cogliano          Nathan Horton            40     0   1  4  

PowerPlay Defense
   Defense                  Defense                                           Time % Phy DF OF 
 1 Sean Zimmerman           Dion Phaneuf                                      60     0   2  3  
 2 Luke Schenn              Duncan Keith                                      40     0   2  3  

Penalty Kill 4 Players Forward 
   Center                   Wing                     Time % Phy DF OF 
 1 Brayden Schenn           Nathan Horton            60     0   4  1  
 2 Josef Vasicek            Bobby Ryan               40     0   4  1  

Penalty Kill 4 Players Defense
   Defense                  Defense                  Time % Phy DF OF 
 1 Sean Zimmerman           Dion Phaneuf             60     1   4  0  
 2 Luke Schenn              Duncan Keith             40     1   4  0  

Penalty Kill - 3 Players Forward 
   Forward                                           Time % Phy DF OF 
 1 Nathan Horton                                     60     0   4  1  
 2 Bobby Ryan                                        40     0   4  1  

Penalty Kill - 3 Players Defense
   Defense                  Defense                  Time % Phy DF OF 
 1 Sean Zimmerman           Dion Phaneuf             60     1   4  0  
 2 Luke Schenn              Duncan Keith             40     1   4  0  

4 vs 4 Forward 
   Center                   Wing                     Time % Phy DF OF 
 1 Steven Stamkos           Bobby Ryan               60     0   2  3  
 2 Sam Gagner               Nathan Horton            40     0   2  3  

4 vs 4 Defense
   Defense                  Defense                  Time % Phy DF OF 
 1 Sean Zimmerman           Dion Phaneuf             60     1   2  2  
 2 Luke Schenn              Duncan Keith             40     1   2  2  

Last Minutes Offensive
   Center                   Left Wing                Right Wing               Defense                  Defense                  
   Steven Stamkos           Andrew Cogliano          Bobby Ryan               Sean Zimmerman           Dion Phaneuf             

Last Minutes Defensive
   Center                   Left Wing                Right Wing               Defense                  Defense                  
   Brayden Schenn           Andrew Cogliano          Nathan Horton            Sean Zimmerman           Dion Phaneuf             

Goaltenders
Starting : Brian Elliott            
Backup : Josh Tordjman            

Extra Forwards
Normal : Steven Stamkos, Sam Gagner, Josef Vasicek - PP : Steven Stamkos, Sam Gagner - PK : Simon Gagné
Extra Defensemen
Normal : Sean Zimmerman, Duncan Keith, Cory Sarich - PP : Cory Sarich - PK : Sean Zimmerman, Luke Schenn
Penalty Shots
Max Pacioretty, Bobby Ryan, Nathan Horton, Steven Stamkos, Andrew Cogliano

Scratches
Oleg Kvasha (Healthy), Paul Ranger (Strained Back Injury)

% Time on Ice - Panthers

Lines # - Real PCT - Wanted PCT - Time Play
Normal Forward
1 - 32% - 40% - 13:16
2 - 30% - 30% - 12:33
3 - 23% - 20% - 9:26
4 - 15% - 10% - 6:11
Normal Defense
1 - 42% - 40% - 17:17
2 - 33% - 30% - 13:42
3 - 22% - 20% - 9:11
4 - 3% - 10% - 1:16
PP Forward
1 - 60% - 60% - 3:55
2 - 40% - 40% - 2:34
PP Defense
1 - 60% - 60% - 3:52
2 - 40% - 40% - 2:37
PK Forward
1 - 72% - 60% - 8:37
2 - 28% - 40% - 3:17
PK Defense
1 - 75% - 60% - 8:52
2 - 25% - 40% - 3:02
PK3 Forward
1 - 100% - 60% - 0:11
2 - 0% - 40% - 0:00
PK3 Defense
1 - 100% - 60% - 0:11
2 - 0% - 40% - 0:00
44 Forward
1 - 0% - 60%
2 - 0% - 40%
44 Defense
1 - 0% - 60%
2 - 0% - 40%
Last Minute Offensive  - 0:00
Last Minute Defensive  - 0:00
Total
Forward - 60:00
Defense - 60:00

% Time on Ice - Penguins

Lines # - Real PCT - Wanted PCT - Time Play
Normal Forward
1 - 36% - 40% - 14:55
2 - 26% - 30% - 10:41
3 - 22% - 20% - 8:59
4 - 17% - 10% - 6:51
Normal Defense
1 - 40% - 45% - 16:22
2 - 34% - 33% - 13:54
3 - 27% - 22% - 11:07
4 - 0% - 0% - 0:03
PP Forward
1 - 54% - 60% - 6:32
2 - 46% - 40% - 5:33
PP Defense
1 - 65% - 60% - 7:54
2 - 35% - 40% - 4:11
PK Forward
1 - 80% - 60% - 5:10
2 - 20% - 40% - 1:19
PK Defense
1 - 67% - 60% - 4:20
2 - 33% - 40% - 2:09
PK3 Forward
1 - 0% - 60%
2 - 0% - 40%
PK3 Defense
1 - 0% - 60%
2 - 0% - 40%
44 Forward
1 - 0% - 60%
2 - 0% - 40%
44 Defense
1 - 0% - 60%
2 - 0% - 40%
Last Minute Offensive  - 0:00
Last Minute Defensive  - 0:00
Total
Forward - 60:00
Defense - 60:00

Play by Play

1st period


0:01 of 1st period - Steven Stamkos wins face-off versus Sidney Crosby in neutral zone.
0:26 of 1st period - Brendan Smith is hit by Andrew Cogliano and loses puck.
0:52 of 1st period - Slapshot by Simon Gagné.
0:52 of 1st period - Shot Blocked by Steve Montador.
1:07 of 1st period - Off-side.
1:08 of 1st period - Loui Eriksson wins face-off versus Brayden Schenn in neutral zone.
1:39 of 1st period - Wrist shot by Alexander Perezhogin.
1:39 of 1st period - Shot Blocked by Dion Phaneuf.
1:45 of 1st period - Matthew Spiller is hit by Bobby Ryan and loses puck.
3:15 of 1st period - Brad Stuart is hit by Andrew Cogliano and loses puck.
3:42 of 1st period - Brayden Schenn is hit by Andrew Ebbett.
3:57 of 1st period - Brendan Smith is hit by Dion Phaneuf and loses puck.
4:06 of 1st period - Snap shot by Steven Stamkos.
4:06 of 1st period - Shot Blocked by Pasi Salonen.
4:28 of 1st period - Guillaume Latendresse is hit by Dion Phaneuf and loses puck.
4:41 of 1st period - Nathan Horton is hit by Alexander Perezhogin and loses puck.
5:06 of 1st period - Snap shot by Dion Phaneuf.
5:06 of 1st period - Shot Blocked by Sergei Samsonov.
5:08 of 1st period - Slapshot by Sean Zimmerman.
5:08 of 1st period - Shot Misses the Net.
5:10 of 1st period - Snap shot by Josef Vasicek.
5:10 of 1st period - Stopped by Antti Niemi without a rebound.
5:11 of 1st period - Scott Gomez wins face-off versus Josef Vasicek in Panthers zone.
5:11 of 1st period - Scott Gomez is hit by Simon Gagné.
5:55 of 1st period - Snap shot by Loui Eriksson.
5:55 of 1st period - Deflect By Nathan Horton.
5:55 of 1st period - Stopped by Brian Elliott without a rebound.
5:56 of 1st period - Steven Stamkos wins face-off versus Sidney Crosby in Penguins zone.
5:56 of 1st period - Steven Stamkos is hit by Brendan Smith.
6:31 of 1st period - Wrist shot by Marian Hossa.
6:31 of 1st period - Stopped by Brian Elliott with a rebound.
6:43 of 1st period - Keith Aulie is hit by Josef Vasicek and loses puck.
7:12 of 1st period - Wrist shot by Steve Sullivan.
7:12 of 1st period - Shot Misses the Net.
7:14 of 1st period - Wrist shot by Brayden Schenn.
7:14 of 1st period - Stopped by Antti Niemi without a rebound.
7:15 of 1st period - Max Pacioretty wins face-off versus Sidney Crosby in Panthers zone.
7:16 of 1st period - Snap shot by Steven Stamkos.
7:16 of 1st period - Stopped by Antti Niemi without a rebound.
7:17 of 1st period - Sidney Crosby wins face-off versus Steven Stamkos in Panthers zone.
7:17 of 1st period - Sidney Crosby is hit by Steven Stamkos.
7:31 of 1st period - Loui Eriksson is hit by Dion Phaneuf and loses puck.
7:45 of 1st period - Off-side.
7:46 of 1st period - Sam Gagner wins face-off versus Scott Gomez in neutral zone.
8:11 of 1st period - Derek Joslin is hit by Loui Eriksson and loses puck.
8:18 of 1st period - Guillaume Latendresse is hit by Bobby Ryan and loses puck.
8:39 of 1st period - Dion Phaneuf is hit by Peter Prucha and loses puck.
9:21 of 1st period - Slapshot by Dion Phaneuf.
9:21 of 1st period - Deflect By Sam Gagner.
9:21 of 1st period - Shot Blocked by Sergei Samsonov.
9:21 of 1st period - Puck is out of play.
9:22 of 1st period - Sidney Crosby wins face-off versus Steven Stamkos in Panthers zone.
10:10 of 1st period - Snap shot by Jeff Tambellini.
10:10 of 1st period - Stopped by Brian Elliott with a rebound.
10:12 of 1st period - Wrist shot by Andrew Ebbett.
10:12 of 1st period - Shot Misses the Net.
10:14 of 1st period - Slapshot by Nick Schultz.
10:14 of 1st period - Shot Misses the Net.
10:16 of 1st period - Slapshot by Brad Stuart.
10:16 of 1st period - Deflect By Peter Prucha.
10:16 of 1st period - Shot Blocked by Luke Schenn.
10:16 of 1st period - Puck is out of play.
10:17 of 1st period - Steven Stamkos wins face-off versus Sidney Crosby in Penguins zone.
11:24 of 1st period - Icing by Derek Joslin.
11:25 of 1st period - Shawn Horcoff wins face-off versus Brayden Schenn in Penguins zone.
11:38 of 1st period - Snap shot by Nikita Alexeev.
11:38 of 1st period - Stopped by Antti Niemi without a rebound.
11:39 of 1st period - Bobby Ryan wins face-off versus Sidney Crosby in Panthers zone.
11:42 of 1st period - Backhand shot by Bobby Ryan.
11:42 of 1st period - Stopped by Antti Niemi with a rebound.
11:44 of 1st period - Minor Penalty to Guillaume Latendresse for Tripping.
11:45 of 1st period - Sidney Crosby wins face-off versus Steven Stamkos in Panthers zone.
11:54 of 1st period - Slapshot by Sean Zimmerman.
11:54 of 1st period - Shot Misses the Net.
11:56 of 1st period - Snap shot by Bobby Ryan.
11:56 of 1st period - Shot Blocked by Steve Montador.
11:58 of 1st period - Slapshot by Dion Phaneuf.
11:58 of 1st period - Deflect By Max Pacioretty.
11:58 of 1st period - Stopped by Antti Niemi without a rebound.
11:59 of 1st period - Steven Stamkos wins face-off versus Sidney Crosby in Panthers zone.
12:00 of 1st period - Snap shot by Bobby Ryan.
12:00 of 1st period - Goal by Bobby Ryan - Panthers : 0 - Penguins : 1.
12:01 of 1st period - Sidney Crosby wins face-off versus Steven Stamkos in neutral zone.
12:06 of 1st period - Snap shot by Sidney Crosby.
12:06 of 1st period - Stopped by Brian Elliott without a rebound.
12:07 of 1st period - Sidney Crosby wins face-off versus Steven Stamkos in Penguins zone.
12:34 of 1st period - Sergei Samsonov is hit by Sean Zimmerman and loses puck.
12:41 of 1st period - Snap shot by Nathan Horton.
12:41 of 1st period - Stopped by Antti Niemi without a rebound.
12:42 of 1st period - Andrew Ebbett wins face-off versus Sam Gagner in Panthers zone.
13:33 of 1st period - Steve Montador is hit by Simon Gagné.
13:51 of 1st period - Dion Phaneuf is hit by Pasi Salonen and loses puck.
14:05 of 1st period - Minor Penalty to Sean Zimmerman for Interference.
14:06 of 1st period - Sidney Crosby wins face-off versus Nathan Horton in Penguins zone.
15:03 of 1st period - Dion Phaneuf is hit by Scott Gomez and loses puck.
16:05 of 1st period - Penalty to Sean Zimmerman is over, Sean Zimmerman is back on ice.
16:16 of 1st period - Snap shot by Jeff Tambellini.
16:16 of 1st period - Goal by Jeff Tambellini - Panthers : 1 - Penguins : 1.
16:17 of 1st period - Steven Stamkos wins face-off versus Andrew Ebbett in neutral zone.
16:54 of 1st period - Minor Penalty to Steve Montador for Hooking.
16:55 of 1st period - Sidney Crosby wins face-off versus Sam Gagner in Panthers zone.
18:54 of 1st period - Penalty to Steve Montador is over, Steve Montador is back on ice.
Goals for this period are 1 for Panthers vs 1 for Penguins.
Shots for this period are 5 for Panthers vs 8 for Penguins.

2nd period


0:01 of 2nd period - Sidney Crosby wins face-off versus Steven Stamkos in neutral zone.
0:10 of 2nd period - Wrist shot by Loui Eriksson.
0:10 of 2nd period - Stopped by Brian Elliott with a rebound.
1:36 of 2nd period - Wrist shot by Guillaume Latendresse.
1:36 of 2nd period - Shot Blocked by Steven Stamkos.
1:38 of 2nd period - Snap shot by Nick Schultz.
1:38 of 2nd period - Deflect By Max Pacioretty.
1:38 of 2nd period - Stopped by Brian Elliott without a rebound.
1:39 of 2nd period - Scott Gomez wins face-off versus Sam Gagner in Penguins zone.
1:40 of 2nd period - Snap shot by Marian Hossa.
1:40 of 2nd period - Shot Misses the Net.
1:42 of 2nd period - Slapshot by Scott Gomez.
1:42 of 2nd period - Stopped by Brian Elliott without a rebound.
1:43 of 2nd period - Scott Gomez wins face-off versus Sam Gagner in Penguins zone.
1:44 of 2nd period - Snap shot by Marian Hossa.
1:44 of 2nd period - Stopped by Brian Elliott without a rebound.
1:45 of 2nd period - Sam Gagner wins face-off versus Scott Gomez in Penguins zone.
1:45 of 2nd period - Sam Gagner is hit by Steve Montador.
2:40 of 2nd period - Wrist shot by Josef Vasicek.
2:40 of 2nd period - Stopped by Antti Niemi with a rebound.
2:42 of 2nd period - Slapshot by Luke Schenn.
2:42 of 2nd period - Stopped by Antti Niemi with a rebound.
2:48 of 2nd period - Minor Penalty to Peter Prucha for Roughing.
2:49 of 2nd period - Steven Stamkos wins face-off versus Sidney Crosby in Panthers zone.
2:50 of 2nd period - Wrist shot by Max Pacioretty.
2:50 of 2nd period - Stopped by Antti Niemi with a rebound.
2:58 of 2nd period - Wrist shot by Bobby Ryan.
2:58 of 2nd period - Shot Misses the Net.
3:09 of 2nd period - Icing by Max Pacioretty.
3:10 of 2nd period - Sidney Crosby wins face-off versus Steven Stamkos in Penguins zone.
3:15 of 2nd period - Wrist shot by Guillaume Latendresse.
3:15 of 2nd period - Shot Blocked by Sean Zimmerman.
3:17 of 2nd period - Wrist shot by Guillaume Latendresse.
3:17 of 2nd period - Shot Misses the Net.
3:19 of 2nd period - Wrist shot by Sidney Crosby.
3:19 of 2nd period - Shot Blocked by Sean Zimmerman.
3:31 of 2nd period - Slapshot by Dion Phaneuf.
3:31 of 2nd period - Goal by Dion Phaneuf - Panthers : 1 - Penguins : 2.
3:32 of 2nd period - Steven Stamkos wins face-off versus Sidney Crosby in neutral zone.
3:35 of 2nd period - Slapshot by Dion Phaneuf.
3:35 of 2nd period - Stopped by Antti Niemi without a rebound.
3:36 of 2nd period - Sidney Crosby wins face-off versus Steven Stamkos in Panthers zone.
3:36 of 2nd period - Sidney Crosby is hit by Bobby Ryan.
3:46 of 2nd period - Snap shot by Sidney Crosby.
3:46 of 2nd period - Shot Misses the Net.
3:48 of 2nd period - Snap shot by Loui Eriksson.
3:48 of 2nd period - Deflect By Sidney Crosby.
3:48 of 2nd period - Shot Misses the Net.
3:48 of 2nd period - Puck is out of play.
3:49 of 2nd period - Steven Stamkos wins face-off versus Sidney Crosby in Penguins zone.
3:49 of 2nd period - Steven Stamkos is hit by Brendan Smith.
3:52 of 2nd period - Minor Penalty to Steven Stamkos for Slashing.
3:53 of 2nd period - Brayden Schenn wins face-off versus Sidney Crosby in Penguins zone.
4:05 of 2nd period - Snap shot by Sidney Crosby.
4:05 of 2nd period - Goal by Sidney Crosby - Panthers : 2 - Penguins : 2.
4:06 of 2nd period - Sidney Crosby wins face-off versus Steven Stamkos in neutral zone.
4:36 of 2nd period - Wrist shot by Sergei Samsonov.
4:36 of 2nd period - Shot Blocked by Nathan Horton.
4:38 of 2nd period - Snap shot by Sergei Samsonov.
4:38 of 2nd period - Shot Misses the Net.
4:40 of 2nd period - Snap shot by Marian Hossa.
4:40 of 2nd period - Deflect By Nathan Horton.
4:40 of 2nd period - Stopped by Brian Elliott with a rebound.
4:42 of 2nd period - Slapshot by Keith Aulie.
4:42 of 2nd period - Stopped by Brian Elliott without a rebound.
4:43 of 2nd period - Scott Gomez wins face-off versus Steven Stamkos in Penguins zone.
4:44 of 2nd period - Snap shot by Marian Hossa.
4:44 of 2nd period - Stopped by Brian Elliott without a rebound.
4:45 of 2nd period - Steven Stamkos wins face-off versus Scott Gomez in Penguins zone.
4:50 of 2nd period - Steve Montador is hit by Bobby Ryan and loses puck.
5:16 of 2nd period - Minor Penalty to Keith Aulie for Hooking.
5:17 of 2nd period - Steven Stamkos wins face-off versus Sidney Crosby in Panthers zone.
5:57 of 2nd period - Wrist shot by Andrew Cogliano.
5:57 of 2nd period - Deflect By Scott Gomez.
5:57 of 2nd period - Stopped by Antti Niemi without a rebound.
5:58 of 2nd period - Sam Gagner wins face-off versus Sidney Crosby in Panthers zone.
6:09 of 2nd period - Snap shot by Andrew Cogliano.
6:09 of 2nd period - Shot Misses the Net.
6:11 of 2nd period - Snap shot by Nathan Horton.
6:11 of 2nd period - Stopped by Antti Niemi without a rebound.
6:12 of 2nd period - Sidney Crosby wins face-off versus Steven Stamkos in Panthers zone.
6:39 of 2nd period - Sidney Crosby is hit by Sam Gagner and loses puck.
7:16 of 2nd period - Penalty to Keith Aulie is over, Keith Aulie is back on ice.
7:43 of 2nd period - Steve Sullivan is hit by Alexander Perezhogin and loses puck.
8:09 of 2nd period - Slapshot by Steve Montador.
8:09 of 2nd period - Deflect By Scott Gomez.
8:09 of 2nd period - Shot Misses the Net.
8:09 of 2nd period - Puck is out of play.
8:10 of 2nd period - Steven Stamkos wins face-off versus Scott Gomez in Penguins zone.
8:42 of 2nd period - Minor Penalty to Duncan Keith for Diving.
8:43 of 2nd period - Brayden Schenn wins face-off versus Sidney Crosby in Penguins zone.
8:55 of 2nd period - Snap shot by Loui Eriksson.
8:55 of 2nd period - Deflect By Sidney Crosby.
8:55 of 2nd period - Stopped by Brian Elliott without a rebound.
8:56 of 2nd period - Sidney Crosby wins face-off versus Brayden Schenn in Penguins zone.
9:01 of 2nd period - Slapshot by Sidney Crosby.
9:01 of 2nd period - Goal by Sidney Crosby - Panthers : 3 - Penguins : 2.
9:02 of 2nd period - Sam Gagner wins face-off versus Guillaume Latendresse in neutral zone.
9:11 of 2nd period - Wrist shot by Guillaume Latendresse.
9:11 of 2nd period - Stopped by Brian Elliott without a rebound.
9:12 of 2nd period - Sidney Crosby wins face-off versus Sam Gagner in Penguins zone.
9:16 of 2nd period - Minor Penalty to Nathan Horton for Hooking.
9:17 of 2nd period - Sidney Crosby wins face-off versus Brayden Schenn in Penguins zone.
9:21 of 2nd period - Wrist shot by Guillaume Latendresse.
9:21 of 2nd period - Stopped by Brian Elliott without a rebound.
9:22 of 2nd period - Sidney Crosby wins face-off versus Simon Gagné in Penguins zone.
9:33 of 2nd period - Snap shot by Guillaume Latendresse.
9:33 of 2nd period - Stopped by Brian Elliott with a rebound.
11:16 of 2nd period - Penalty to Nathan Horton is over, Nathan Horton is back on ice.
11:30 of 2nd period - Bobby Ryan is hit by Jeff Tambellini and loses puck.
11:35 of 2nd period - Slapshot by Andrew Ebbett.
11:35 of 2nd period - Stopped by Brian Elliott without a rebound.
11:36 of 2nd period - Josef Vasicek wins face-off versus Shawn Horcoff in Penguins zone.
12:01 of 2nd period - Slapshot by Andrew Ebbett.
12:01 of 2nd period - Stopped by Brian Elliott with a rebound.
12:18 of 2nd period - Icing by Cory Sarich.
12:19 of 2nd period - Steven Stamkos wins face-off versus Scott Gomez in Penguins zone.
12:24 of 2nd period - Sergei Samsonov is hit by Bobby Ryan and loses puck.
12:31 of 2nd period - Snap shot by Bobby Ryan.
12:31 of 2nd period - Shot Misses the Net.
12:33 of 2nd period - Backhand shot by Cory Sarich.
12:33 of 2nd period - Shot Blocked by Scott Gomez.
12:35 of 2nd period - Snap shot by Bobby Ryan.
12:35 of 2nd period - Stopped by Antti Niemi with a rebound.
12:45 of 2nd period - Snap shot by Steve Montador.
12:45 of 2nd period - Deflect By Andrew Cogliano.
12:45 of 2nd period - Stopped by Brian Elliott with a rebound.
13:10 of 2nd period - Snap shot by Peter Prucha.
13:10 of 2nd period - Stopped by Brian Elliott without a rebound.
13:11 of 2nd period - Steven Stamkos wins face-off versus Andrew Ebbett in Penguins zone.
13:20 of 2nd period - Snap shot by Bobby Ryan.
13:20 of 2nd period - Stopped by Antti Niemi without a rebound.
13:21 of 2nd period - Steven Stamkos wins face-off versus Sidney Crosby in Panthers zone.
13:26 of 2nd period - Wrist shot by Max Pacioretty.
13:26 of 2nd period - Shot Misses the Net.
13:28 of 2nd period - Snap shot by Steven Stamkos.
13:28 of 2nd period - Shot Misses the Net.
13:32 of 2nd period - Snap shot by Steven Stamkos.
13:32 of 2nd period - Stopped by Antti Niemi with a rebound.
13:34 of 2nd period - Wrist shot by Max Pacioretty.
13:34 of 2nd period - Stopped by Antti Niemi with a rebound.
14:05 of 2nd period - Wrist shot by Bobby Ryan.
14:05 of 2nd period - Stopped by Antti Niemi without a rebound.
14:06 of 2nd period - Andrew Cogliano wins face-off versus Scott Gomez in Panthers zone.
14:11 of 2nd period - Wrist shot by Andrew Cogliano.
14:11 of 2nd period - Stopped by Antti Niemi with a rebound.
14:13 of 2nd period - Snap shot by Sam Gagner.
14:13 of 2nd period - Stopped by Antti Niemi with a rebound.
14:15 of 2nd period - Wrist shot by Dion Phaneuf.
14:15 of 2nd period - Shot Misses the Net.
14:17 of 2nd period - Slapshot by Dion Phaneuf.
14:17 of 2nd period - Stopped by Antti Niemi without a rebound.
14:18 of 2nd period - Sam Gagner wins face-off versus Scott Gomez in Panthers zone.
14:19 of 2nd period - Snap shot by Nathan Horton.
14:19 of 2nd period - Stopped by Antti Niemi with a rebound.
14:29 of 2nd period - Snap shot by Nathan Horton.
14:29 of 2nd period - Goal by Nathan Horton - Panthers : 3 - Penguins : 3.
14:30 of 2nd period - Sidney Crosby wins face-off versus Sam Gagner in neutral zone.
15:05 of 2nd period - Slapshot by Simon Gagné.
15:05 of 2nd period - Shot Misses the Net.
15:24 of 2nd period - Snap shot by Shawn Horcoff.
15:24 of 2nd period - Goal by Shawn Horcoff - Panthers : 4 - Penguins : 3.
15:25 of 2nd period - Sidney Crosby wins face-off versus Steven Stamkos in neutral zone.
15:52 of 2nd period - Nathan Horton is hit by Keith Aulie and loses puck.
16:19 of 2nd period - Duncan Keith is hit by Brendan Smith and loses puck.
16:37 of 2nd period - Backhand shot by Pasi Salonen.
16:37 of 2nd period - Stopped by Brian Elliott with a rebound.
16:39 of 2nd period - Snap shot by Alexander Perezhogin.
16:39 of 2nd period - Shot Misses the Net.
16:41 of 2nd period - Slapshot by Nick Schultz.
16:41 of 2nd period - Stopped by Brian Elliott without a rebound.
16:42 of 2nd period - Sidney Crosby wins face-off versus Steven Stamkos in Penguins zone.
16:53 of 2nd period - Wrist shot by Steven Stamkos.
16:53 of 2nd period - Shot Blocked by Keith Aulie.
17:09 of 2nd period - Nathan Horton is hit by Sergei Samsonov and loses puck.
17:58 of 2nd period - Slapshot by Shawn Horcoff.
17:58 of 2nd period - Shot Misses the Net.
18:20 of 2nd period - Slapshot by Dion Phaneuf.
18:20 of 2nd period - Deflect By Sidney Crosby.
18:20 of 2nd period - Stopped by Antti Niemi without a rebound.
18:21 of 2nd period - Scott Gomez wins face-off versus Sam Gagner in Panthers zone.
18:21 of 2nd period - Scott Gomez is hit by Sam Gagner.
18:28 of 2nd period - Minor Penalty to Andrew Cogliano for High sticking.
18:29 of 2nd period - Sidney Crosby wins face-off versus Brayden Schenn in Penguins zone.
18:36 of 2nd period - Slapshot by Sidney Crosby.
18:36 of 2nd period - Shot Blocked by Dion Phaneuf.
18:42 of 2nd period - Snap shot by Guillaume Latendresse.
18:42 of 2nd period - Shot Misses the Net.
18:56 of 2nd period - Brayden Schenn is hit by Sergei Samsonov and loses puck.
Goals for this period are 3 for Panthers vs 2 for Penguins.
Shots for this period are 20 for Panthers vs 18 for Penguins.

3rd period


0:01 of 3rd period - Sidney Crosby wins face-off versus Brayden Schenn in neutral zone.
0:28 of 3rd period - Penalty to Andrew Cogliano is over, Andrew Cogliano is back on ice.
0:51 of 3rd period - Wrist shot by Steven Stamkos.
0:51 of 3rd period - Shot Misses the Net.
0:53 of 3rd period - Snap shot by Josef Vasicek.
0:53 of 3rd period - Stopped by Antti Niemi without a rebound.
0:54 of 3rd period - Sidney Crosby wins face-off versus Josef Vasicek in Panthers zone.
1:05 of 3rd period - Slapshot by Sean Zimmerman.
1:05 of 3rd period - Deflect By Simon Gagné.
1:05 of 3rd period - Stopped by Antti Niemi with a rebound.
1:07 of 3rd period - Slapshot by Josef Vasicek.
1:07 of 3rd period - Stopped by Antti Niemi with a rebound.
1:09 of 3rd period - Snap shot by Sean Zimmerman.
1:09 of 3rd period - Stopped by Antti Niemi with a rebound.
1:15 of 3rd period - Minor Penalty to Loui Eriksson for Hooking.
1:16 of 3rd period - Steven Stamkos wins face-off versus Sidney Crosby in Panthers zone.
1:25 of 3rd period - Snap shot by Steven Stamkos.
1:25 of 3rd period - Shot Misses the Net.
3:15 of 3rd period - Penalty to Loui Eriksson is over, Loui Eriksson is back on ice.
3:47 of 3rd period - Wrist shot by Scott Gomez.
3:47 of 3rd period - Stopped by Brian Elliott with a rebound.
3:49 of 3rd period - Snap shot by Steve Montador.
3:49 of 3rd period - Stopped by Brian Elliott without a rebound.
3:50 of 3rd period - Andrew Ebbett wins face-off versus Josef Vasicek in Penguins zone.
3:51 of 3rd period - Slapshot by Peter Prucha.
3:51 of 3rd period - Stopped by Brian Elliott without a rebound.
3:52 of 3rd period - Josef Vasicek wins face-off versus Andrew Ebbett in Penguins zone.
4:40 of 3rd period - Minor Penalty to Alexander Perezhogin for Hooking.
4:41 of 3rd period - Sidney Crosby wins face-off versus Steven Stamkos in Panthers zone.
6:28 of 3rd period - Minor Penalty to Steve Montador for Hooking.
6:29 of 3rd period - Sam Gagner wins face-off versus Scott Gomez in Panthers zone.
6:40 of 3rd period - Penalty to Alexander Perezhogin is over, Alexander Perezhogin is back on ice.
6:56 of 3rd period - Luke Schenn is hit by Brendan Smith and loses puck.
7:19 of 3rd period - Sidney Crosby is hit by Max Pacioretty and loses puck.
7:44 of 3rd period - Dion Phaneuf is hit by Sergei Samsonov and loses puck.
8:28 of 3rd period - Penalty to Steve Montador is over, Steve Montador is back on ice.
8:41 of 3rd period - Wrist shot by Jeff Tambellini.
8:41 of 3rd period - Shot Misses the Net.
9:12 of 3rd period - Snap shot by Scott Gomez.
9:12 of 3rd period - Shot Misses the Net.
9:58 of 3rd period - Duncan Keith is hit by Pasi Salonen and loses puck.
10:36 of 3rd period - Cory Sarich is hit by Sidney Crosby and loses puck.
11:00 of 3rd period - Icing by Simon Gagné.
11:01 of 3rd period - Josef Vasicek wins face-off versus Sidney Crosby in Penguins zone.
11:08 of 3rd period - Backhand shot by Loui Eriksson.
11:08 of 3rd period - Stopped by Brian Elliott without a rebound.
11:09 of 3rd period - Bobby Ryan wins face-off versus Sidney Crosby in Penguins zone.
11:20 of 3rd period - Wrist shot by Bobby Ryan.
11:20 of 3rd period - Stopped by Antti Niemi with a rebound.
11:22 of 3rd period - Wrist shot by Max Pacioretty.
11:22 of 3rd period - Stopped by Antti Niemi without a rebound.
11:23 of 3rd period - Sidney Crosby wins face-off versus Steven Stamkos in Panthers zone.
11:38 of 3rd period - Off-side.
11:39 of 3rd period - Sam Gagner wins face-off versus Scott Gomez in neutral zone.
11:54 of 3rd period - Slapshot by Sergei Samsonov.
11:54 of 3rd period - Stopped by Brian Elliott without a rebound.
11:55 of 3rd period - Sidney Crosby wins face-off versus Steven Stamkos in Penguins zone.
12:27 of 3rd period - Slapshot by Nathan Horton.
12:27 of 3rd period - Stopped by Antti Niemi without a rebound.
12:28 of 3rd period - Sidney Crosby wins face-off versus Sam Gagner in Panthers zone.
12:55 of 3rd period - Luke Schenn is hit by Jeff Tambellini and loses puck.
13:02 of 3rd period - Snap shot by Peter Prucha.
13:02 of 3rd period - Shot Misses the Net.
13:04 of 3rd period - Slapshot by Steve Montador.
13:04 of 3rd period - Deflect By Andrew Ebbett.
13:04 of 3rd period - Shot Blocked by Duncan Keith.
13:04 of 3rd period - Puck is out of play.
13:05 of 3rd period - Steven Stamkos wins face-off versus Sidney Crosby in Penguins zone.
15:44 of 3rd period - Andrew Cogliano is hit by Steve Montador and loses puck.
16:06 of 3rd period - Snap shot by Sam Gagner.
16:06 of 3rd period - Stopped by Antti Niemi with a rebound.
16:18 of 3rd period - Snap shot by Steven Stamkos.
16:18 of 3rd period - Deflect By Bobby Ryan.
16:18 of 3rd period - Shot Misses the Net.
16:18 of 3rd period - Puck is out of play.
16:19 of 3rd period - Steven Stamkos wins face-off versus Shawn Horcoff in Panthers zone.
16:20 of 3rd period - Wrist shot by Bobby Ryan.
16:20 of 3rd period - Shot Blocked by Keith Aulie.
16:22 of 3rd period - Wrist shot by Max Pacioretty.
16:22 of 3rd period - Shot Blocked by Pasi Salonen.
17:11 of 3rd period - Snap shot by Sidney Crosby.
17:11 of 3rd period - Goal by Sidney Crosby - Panthers : 5 - Penguins : 3.
17:12 of 3rd period - Andrew Ebbett wins face-off versus Josef Vasicek in neutral zone.
17:19 of 3rd period - Slapshot by Peter Prucha.
17:19 of 3rd period - Shot Misses the Net.
17:37 of 3rd period - Brendan Smith is hit by Sam Gagner and loses puck.
18:26 of 3rd period - Wrist shot by Scott Gomez.
18:26 of 3rd period - Shot Blocked by Derek Joslin.
18:37 of 3rd period - Minor Penalty to Marian Hossa for Goalie Interference.
18:38 of 3rd period - Steven Stamkos wins face-off versus Sidney Crosby in Panthers zone.
18:38 of 3rd period - Wrist shot by Max Pacioretty.
18:38 of 3rd period - Shot Misses the Net.
Goals for this period are 1 for Panthers vs 0 for Penguins.
Shots for this period are 6 for Panthers vs 8 for Penguins.